 Dungeon Crawl Stone Soup version 0.20.0-10-g0535bb4 (webtiles) character file.

17610 Zwobot the Basher (level 12, -2/98 HPs)
             Began as a Mummy Fighter on June 3, 2017.
             Was an Initiate of Gozag.
             Killed by divine providence
             ... invoked by a meliai
              (13 damage)
             ... on level 4 of the Lair of Beasts.
             The game lasted 00:37:45 (16938 turns).

Zwobot the Basher (Mummy Fighter)                  Turns: 16938, Time: 00:37:45

Health: -2/98      AC: 19    Str: 28    XL:     12   Next: 20%
Magic:  12/12      EV:  7    Int:  7    God:    Gozag
Gold:   251        SH:  0    Dex: 17    Spells: 11/11 levels left

rFire    . . .     SeeInvis .   a - +2 morningstar (crush)
rCold    + . .     Gourm    .   (no shield)
rNeg     + + +     Faith    .   h - +0 plate armour
rPois    ∞         Spirit   .   (no helmet)
rElec    .         Reflect  .   u - +2 cloak
rCorr    .         Harm     .   r - +0 pair of gloves "Buceum" {Str+5 Dex+4}
MR       +....                  q - +0 pair of boots
Stlth    ..........             (no amulet)
Regen    0.3/turn               f - ring of protection from cold
MPRegen  0.2/turn               m - ring of fire

@: no status effects
A: no food or potions, fire vulnerability, cold resistance 1, negative energy
resistance 3, torment resistance, unbreathing
a: Potion Petition, Call Merchant, Bribe Branch, Renounce Religion


You were on level 4 of the Lair of Beasts.
You worshipped Gozag.
Gozag was aware of your devotion.
You were not hungry.

You visited 3 branches of the dungeon, and saw 13 of its levels.
You also visited: Sewer.

You collected 2651 gold pieces.
You spent 462 gold pieces at shops.
You paid 1938 gold pieces to Gozag.

Inventory:

Hand Weapons
 a - a +2 morningstar of crushing (weapon)
 b - a +0 shortbow
 d - a +0 blowgun
 e - a +0 hunting sling
 o - a +3 dagger of chaos
 v - a +1 flail of draining
Missiles
 g - 195 stones
 w - 37 arrows
 z - 3 javelins (quivered)
 B - 3 throwing nets
Armour
 h - a +0 plate armour (worn)
 q - a +0 pair of boots (worn)
 r - the +0 pair of gloves "Buceum" (worn) {Str+5 Dex+4}
   (You bought it in a shop on level 5 of the Dungeon)

   It affects your strength (+5).
   It affects your dexterity (+4).
 u - a +2 cloak (worn)
Jewellery
 c - an uncursed ring of protection from magic
 f - a ring of protection from cold (left hand)
 m - a ring of fire (right hand)
Wands
 i - a wand of digging (9/24)
 k - a wand of digging (18/24)
 p - a wand of iceblast (6/15)
 t - a wand of lightning (8/15)
 A - a wand of flame (28/48)
Scrolls
 j - 5 scrolls of teleportation
 l - 4 scrolls of remove curse
 n - 2 scrolls of fog
 s - 3 scrolls of magic mapping
 x - a scroll of vulnerability
 y - a scroll of identify


   Skills:
 + Level 10.3 Fighting
 * Level 12.4 Maces & Flails
 + Level 8.4 Armour
   Level 2.4 Shields


You had 11 spell levels left.
You didn't know any spells.

Dungeon Overview and Level Annotations

Branches:
Dungeon (8/15)             Temple (1/1) D:6            Lair (4/6) D:8
  Swamp (0/4) Lair:2       Spider (0/4) Lair:2

Altars:
Ashenzari
Cheibriados
Dithmenos
Elyvilon
Fedhas
Gozag
Hepliaklqana
Kikubaaqudgha
Nemelex Xobeh
Okawaru
Qazlal
Ru
Sif Muna
Trog
Uskayaw
Vehumet
Xom
Zin

Shops:
D:5 [   Lair:3 [

Annotations:
D:5 grindst0ne's ghost, novice GrFi
D:7 Prince Ribbit
Lair:2 exclusion: downstairs
Lair:4 Rupert


Innate Abilities, Weirdness & Mutations

You do not eat or drink.
Your flesh is vulnerable to fire.
You are immune to poison.
Your flesh is cold resistant. (rC+)
You are immune to negative energy. (rN+++)
You are immune to unholy pain and torment.
You can survive without breathing.


Message History

The meliai hits you but does no damage. The meliai stings you.
You miss the meliai.
The meliai is heavily wounded.
The meliai hits you with a war axe. The meliai stings you.
You puncture the meliai!
The meliai is almost dead.
The meliai mumbles some strange prayers to its god against you.
Something smites you!
* * * LOW HITPOINT WARNING * * *
The meliai hits you but does no damage. The meliai stings you.
* * * LOW HITPOINT WARNING * * *
You closely miss the meliai.
The meliai is almost dead.
The meliai invokes the aid of its god against you.
Something smites you!
* * * LOW HITPOINT WARNING * * *
The meliai calls down the wrath of its god upon you.
Something smites you!
You die...
Your body crumbles into a pile of gold.

##..............PP..
#..#.##..#......P..#
#..####..#......#P.#
#P.# ...#......#...
##.##.....#.........
#...#....#......#...
##..##....##.....##..
#..y## ..##.... #P#
###.@###...#. ##
#..........
#..........
#...####..P ##### #


You could see a meliai.

Vanquished Creatures
  The ghost of braks the Geomancer, a journeyman FoEE of Sif Muna (Lair:4)
  Harold (Lair:4)
  A two-headed ogre (D:8)
  3 black mambas
  Psyche (D:8)
  4 komodo dragons
  5 spiny frogs
  A rime drake (Lair:4)
  13 blink frogs
  6 hippogriffs
  Sigmund (D:3)
  6 yaks (Lair:3)
  2 basilisks
  3 hungry ghosts
  2 vampire mosquitoes (Lair:2)
  6 water moccasins
  5 orc warriors
  6 porcupines
  2 black bears
  3 sky beasts
  The ghost of PeterLawrence the Shield-Bearer, an amateur MiFi (D:3)
  2 centaurs
  3 ogres
  10 wolves
  6 crocodiles
  12 bullfrogs
  A gnoll sergeant (D:6)
  A scorpion (D:4)
  3 wights (D:8)
  2 crimson imps (D:5)
  A bullfrog zombie (D:5)
  A gnoll shaman (D:4)
  A hound (D:6)
  A quasit (D:5)
  A centaur zombie (D:7)
  A jelly (D:5)
  4 orc priests
  6 orc wizards
  Jessica (D:3)
  2 worker ants
  3 iguanas (D:8)
  Natasha (thrice) (D:3)
  A hound skeleton (D:6)
  16 adders
  12 gnolls
  2 river rats (D:6)
  A shadow imp (D:7)
  An ooze (D:7)
  2 adder skeletons
  2 worms
  A dart slug (D:3)
  5 leopard geckos
  23 orcs
  13 giant cockroaches
  6 hobgoblins
  7 jackals
  7 quokkas
  8 ball pythons
  3 bats
  6 frilled lizards
  6 goblins
  8 kobolds
  3 leopard gecko skeletons
  A quokka zombie (D:6)
  11 rats
283 creatures vanquished.

Vanquished Creatures (others)
  11 fungi
  8 plants
19 creatures vanquished.

Grand Total: 302 creatures vanquished

Notes
Turn   | Place    | Note
-------+----------+-------------------------------------------
     0 | D:1      | Zwobot the Mummy Fighter began the quest for the Orb.
     0 | D:1      | Reached XP level 1. HP: 18/18 MP: 1/1
   207 | D:1      | Reached skill level 2 in Maces & Flails
   317 | D:1      | Reached XP level 2. HP: 16/24 MP: 2/2
   853 | D:2      | Reached skill level 3 in Maces & Flails
   853 | D:2      | Reached XP level 3. HP: 25/29 MP: 3/3
  1006 | D:2      | Found a snail-covered altar of Cheibriados.
  1200 | D:2      | Found a stormy altar of Qazlal.
  2191 | D:3      | Found an opulent altar of Gozag.
  2197 | D:3      | Became a worshipper of Gozag Ym Sagoz the Greedy
  2209 | D:3      | Noticed PeterLawrence's ghost (amateur MiFi)
  2225 | D:4      | Reached XP level 4. HP: 28/35 MP: 4/4
  2304 | D:4      | Found a radiant altar of Vehumet.
  2539 | D:3      | Noticed Sigmund
  2571 | D:5      | Entered Level 5 of the Dungeon
  2571 | D:5      | Noticed grindst0ne's ghost (novice GrFi)
  2577 | D:4      | Reached skill level 4 in Maces & Flails
  2909 | D:3      | Reached XP level 5. HP: 29/41 MP: 5/5
  2932 | D:3      | Killed Sigmund
  2932 | D:3      | Reached skill level 5 in Maces & Flails
  2932 | D:3      | Reached XP level 6. HP: 5/47 MP: 6/6
  3394 | D:3      | Noticed Jessica
  3398 | D:3      | Killed Jessica
  3403 | D:3      | Found a hide-covered altar of Uskayaw.
  3419 | D:3      | Found a white marble altar of Elyvilon.
  4162 | D:4      | Found a blossoming altar of Fedhas.
  5134 | D:3      | Noticed Natasha
  5140 | D:3      | Killed Natasha
  5140 | D:3      | Reached skill level 6 in Maces & Flails
  5140 | D:3      | Reached XP level 7. HP: 49/52 MP: 7/7
  5150 | D:3      | Killed PeterLawrence's ghost
  5488 | D:3      | Noticed Natasha
  5498 | D:3      | Killed Natasha
  5647 | D:3      | Noticed Natasha
  5666 | D:3      | Killed Natasha
  6052 | D:5      | Found Toqy's Antique Armour Shoppe.
  6070 | D:5      | Bought a diamond-encrusted scale mail for 225 gold pieces
  6070 | D:5      | Bought a pair of slimy gloves for 237 gold pieces
  6075 | D:5      | Identified the +0 pair of gloves "Buceum" {Str+5 Dex+4} (You bought it in a shop on level 5 of the Dungeon)
  6085 | D:5      | Identified the cursed +0 scale mail of Badiev {Int+4} (You bought it in a shop on level 5 of the Dungeon)
  6398 | D:5      | Reached XP level 8. HP: 59/61 MP: 8/8
  6680 | D:5      | Reached skill level 7 in Maces & Flails
  7392 | D:6      | Reached skill level 5 in Fighting
  7421 | D:6      | Noticed a hippogriff
  7427 | D:6      | Killed a hippogriff
  7829 | D:6      | Found a glowing drain.
  7839 | Sewer    | Entered a sewer
  8022 | Sewer    | Reached skill level 8 in Maces & Flails
  8228 | D:6      | Reached XP level 9. HP: 67/69 MP: 9/9
  8307 | D:6      | Found a sacrificial altar of Ru.
  8325 | D:6      | Found a staircase to the Ecumenical Temple.
  8333 | Temple   | Entered the Ecumenical Temple
  8896 | D:7      | Reached skill level 5 in Armour
  9010 | D:7      | Found an ancient bone altar of Kikubaaqudgha.
  9116 | D:7      | Noticed Prince Ribbit
  9345 | D:7      | Found a sacrificial altar of Ru.
  9879 | D:8      | Reached skill level 9 in Maces & Flails
 10229 | D:8      | Noticed Psyche
 10236 | D:8      | Killed Psyche
 10430 | D:8      | Found a bloodstained altar of Trog.
 10437 | D:8      | Reached XP level 10. HP: 73/79 MP: 10/10
 10566 | D:8      | Noticed a two-headed ogre
 10582 | D:8      | Killed a two-headed ogre
 11140 | D:8      | Reached skill level 10 in Maces & Flails
 11271 | D:8      | Found a staircase to the Lair.
 11434 | Lair:1   | Entered Level 1 of the Lair of Beasts
 11965 | Lair:1   | Noticed a spiny frog
 11973 | Lair:1   | Killed a spiny frog
 11984 | Lair:1   | Noticed a black mamba
 12000 | Lair:1   | Killed a black mamba
 12638 | Lair:1   | Got a flickering granite ring
 12674 | Lair:1   | Identified the ring "Enamal" {rN+ Stlth-} (You found it on level 1 of the Lair of Beasts)
 12857 | Lair:1   | Noticed a spiny frog
 12866 | Lair:1   | Killed a spiny frog
 13050 | Lair:2   | Reached XP level 11. HP: 78/87 MP: 11/11
 13185 | Lair:2   | Reached skill level 11 in Maces & Flails
 13660 | Lair:2   | Found a staircase to the Swamp.
 14048 | Lair:2   | Found a hole to the Spider Nest.
 14048 | Lair:2   | Noticed an orb spider
 15179 | Lair:3   | Reached skill level 12 in Maces & Flails
 16207 | Lair:4   | Noticed braks's ghost (journeyman FoEE)
 16245 | Lair:4   | Killed braks's ghost
 16245 | Lair:4   | Reached skill level 10 in Fighting
 16245 | Lair:4   | Reached XP level 12. HP: 38/97 MP: 12/12
 16663 | Lair:4   | Noticed Harold
 16683 | Lair:4   | Killed Harold
 16804 | Lair:4   | Noticed Rupert
 16938 | Lair:4   | Killed from afar by a meliai

Skill      XL: |  1  2  3  4  5  6  7  8  9 10 11 |
---------------+----------------------------------+-----
Maces & Flails | 2 3 4 5 6 8 9 10 12 | 12.4
Armour         | 3 4 5 7 8 |  8.4
Fighting       | 4 5 7 8 10 | 10.3
Shields        | |  2.4

Action                   |  1- 3 |  4- 6 |  7- 9 | 10-12 || total
-------------------------+-------+-------+-------+-------++-------
Melee: Flail             |   132 |    51 |       |       ||   183
       Morningstar       |       |   102 |   361 |   428 ||   891
 Fire: Shortbow          |       |       |       |    11 ||    11
Throw: Stone             |       |       |     2 |    15 ||    17
Invok: Potion Petition   |       |     1 |     1 |     4 ||     6
       Call Merchant     |       |       |       |     1 ||     1
Evoke: Wand              |       |    10 |     7 |     2 ||    19
       Phantom mirror    |       |       |     1 |       ||     1
  Use: Scroll            |     1 |     4 |     9 |     9 ||    23
 Stab: Distracted        |       |     1 |       |       ||     1
Armor: Scale mail        |    48 |    57 |    53 |       ||   158
       Chain mail        |       |       |   118 |       ||   118
       Plate armour      |       |       |    12 |   235 ||   247
Dodge: Dodged            |    63 |    80 |   133 |   141 ||   417
